 Dungeon Crawl Stone Soup version 0.19-a0-1127-gac58878 (webtiles) character file.

73 Gagarin the Chucker (level 4, -2/42 HPs)
             Began as a Troll Hunter on Aug 12, 2016.
             Slain by an orc
             ... wielding a +0 war axe
              (9 damage)
             ... on level 3 of the Dungeon.
             The game lasted 00:03:33 (1455 turns).

Gagarin the Chucker (Troll Hunter)                  Turns: 1455, Time: 00:03:34

Health: -2/42      AC:  5    Str: 20    XL:     4   Next: 8%
Magic:  3/3        EV: 10    Int:  7    God:
Gold:   49         SH:  0    Dex: 11    Spells: 0 memorised, 3 levels left

rFire  . . .     SeeInvis .       - Unarmed
rCold  . . .     Gourm    +     b - +0 robe
rNeg   . . .     Faith    .     (no shield)
rPois  .         Spirit   .     (helmet restricted)
rElec  .         Dismiss  .     (no cloak)
rCorr  .         Reflect  .     (gloves unavailable)
SustAt .         Harm     .     (boots unavailable)
MR     .....                    (no amulet)
Stlth  +.........               (no ring)
                                (no ring)

@:
A: unfitting armour, claws 3, fast metabolism 3, gourmand, regeneration 2,
shaggy fur 1, tough skin 2
a: no special abilities


You were on level 3 of the Dungeon.
You were completely stuffed.

You visited 1 branch of the dungeon, and saw 3 of its levels.

You collected 49 gold pieces.

Inventory:

Hand Weapons
 a - a +0 short sword
Missiles
 d - 2 throwing nets (quivered)
Armour
 b - a +0 robe (worn)
Jewellery
 k - an uncursed ring of positive energy {unknown}
 n - an uncursed amulet of guardian spirit {unknown}
Scrolls
 j - 2 scrolls of remove curse
 l - a scroll of immolation {unknown}
 o - a scroll of identify
 p - a scroll of recharging {unknown}
 q - a scroll of teleportation
 r - a scroll of enchant armour {unknown}
 t - a scroll of fear {unknown}
Potions
 e - 2 potions of heal wounds {unknown}
 i - a potion of haste {unknown}
 s - a potion of flight {unknown}
Comestibles
 f - 2 bread rations
 g - 2 meat rations
 m - a slice of pizza


   Skills:
 + Level 2.1 Fighting
 + Level 4.2 Throwing
 + Level 2.1 Dodging
 + Level 0.6 Stealth
 + Level 1.0 Unarmed Combat


You had 3 spell levels left.
You didn't know any spells.

Dungeon Overview and Level Annotations

Branches:
Dungeon (3/15)

Altars:


Innate Abilities, Weirdness & Mutations

You are too large for most types of armour.
You have claws for hands.
Your metabolism is lightning-fast.
You like to eat raw meat.
You heal very quickly.
You are covered in fur. (AC +1)
You have very tough skin. (AC +2)


Message History

Throwing (i - inventory. (,) - cycle):
c - a large rock (quivered)
Press: ? - help, Shift-Dir - straight line, f/p - orc priest
Aim: an orc priest, wielding a dagger You throw a large rock.
The large rock closely misses the orc.
The large rock hits the goblin.
You kill the goblin!
You hear a shout!
The orc closely misses you.
The orc priest looks braver for a moment.
An orc comes into view.
As you read the scroll labeled BEOVIU GUSEZEK, it crumbles to dust.
You feel blessed for a moment.
It was a scroll of remove curse.
The orc hits you but does no damage.
The orc priest calls upon Beogh to heal the orc.
The orc's wounds heal themselves!
As you read the scroll labeled KIACOKLIMI, it crumbles to dust.
It is a scroll of identify.
q - a scroll of teleportation The orc hits you with a war axe!
You die...

# #....).# .# # #......## #.#
# #.......## ##..# #
#........## ##..####.. #
#....(....## ##....oo... #
####.####..###...o....# # #.#
##...oo#......#
##########.#######o#o#......#
................@ob..#......#
#......###.###########......#
#......# #... .......+
#......# ##### .......#
#......+ .....<.. #......#
#####+##


You could see 3 orc priests, 2 orcs and a bat.

Vanquished Creatures
  2 adders
  A dart slug (D:1)
  A giant gecko (D:1)
  2 orcs (D:3)
  5 bats
  8 giant cockroaches
  6 hobgoblins
  3 kobolds
  3 giant newts (D:1)
  9 goblins
  6 rats
46 creatures vanquished.

Notes
Turn   | Place    | Note
-------+----------+-------------------------------------------
     0 | D:1      | Gagarin the Troll Hunter began the quest for the Orb.
     0 | D:1      | Reached XP level 1. HP: 19/19 MP: 0/0
   143 | D:1      | Reached XP level 2. HP: 27/27 MP: 1/1
   211 | D:1      | Reached skill level 4 in Throwing
   485 | D:1      | Reached XP level 3. HP: 30/35 MP: 2/2
  1330 | D:3      | Reached skill level 1 in Unarmed Combat
  1419 | D:3      | Reached XP level 4. HP: 37/42 MP: 3/3
  1455 | D:3      | Slain by an orc

Vault maps used:
D:1:      dpeg_arrival_court, minmay_surrounded
D:2:      minmay_tripent
D:3:      lemuel_round_altar, nemelex_lonely_heart_becter, uniq_grinder

Skill      XL: |  1  2  3 |
---------------+----------+-----
Throwing       | 4 |  4.2
Fighting       | 2 |  2.1
Dodging        | 2 |  2.1
Unarmed Combat | 1 |  1.0
Stealth        | |  0.6

Action                   |  1- 3 |  4- 6 || total
-------------------------+-------+-------++-------
Melee: Unarmed           |   159 |     4 ||   163
Throw: Large rock        |     2 |     5 ||     7
  Use: Scroll            |       |     2 ||     2
 Stab: Sleeping          |     3 |       ||     3
  Eat: Chunk             |    18 |     1 ||    19
Armor: Robe              |    83 |     5 ||    88
Dodge: Dodged            |   110 |    13 ||   123
